 Dungeon Crawl Stone Soup version 0.25-a0-737-g26c3a87c45 (webtiles) character file.

Game seed: 1067537390362395417, levelgen mode: deterministic

354219 KiliKikkendorf the Hoplite (level 22, -1/213 HPs)
             Began as a Hill Orc Fighter on Apr 9, 2020.
             Was the Champion of Makhleb.
             Slain by an ettin
             ... wielding a +2 dire flail of holy wrath
              (37 damage)
             ... on level 2 of the Depths on Apr 12, 2020.
             The game lasted 06:42:53 (55396 turns).

KiliKikkendorf the Hoplite (Hill Orc Fighter)      Turns: 55396, Time: 06:42:55

Health: -1/213     AC: 32    Str: 35    XL:     22   Next: 29%
Magic:  29/29      EV:  7    Int: 11    God:    Makhleb [******]
Gold:   2398       SH: 37    Dex: 12    Spells: 21/21 levels left

rFire    + . .     SeeInvis +   I - +9 scimitar (flame)
rCold    . . .     Gourm    .   n - +8 tower shield
rNeg     . . .     Faith    .   L - +0 crystal plate armour
rPois    +         Spirit   .   V - +0 helmet of Apathy {Str+4 Int+3 Dex+2 Stlth-}
rElec    .         Reflect  +   m - +1 cloak {rPois}
rCorr    .         Harm     .   H - +1 pair of gloves
MR       +++..                  e - +1 pair of boots of a Million Realms {Str+2}
Stlth    ..........             b - +2 amulet of reflection
HPRegen  0.45/turn              g - ring of Koazeul {rPois rF+}
MPRegen  0.21/turn              s - ring of protection from magic

@: studying Axes
A: see invisible, magic resistance 1, sense surroundings 1
}: 2/15 runes: decaying, gossamer
a: Minor Destruction, Lesser Servant of Makhleb, Major Destruction, Greater
Servant of Makhleb, Renounce Religion


You were on level 2 of the Depths.
You worshipped Makhleb.
Makhleb was exalted by your worship.
You were not hungry.

You visited 9 branches of the dungeon, and saw 40 of its levels.
You also visited: Gauntlet and Wizlab.

You collected 3641 gold pieces.
You spent 1243 gold pieces at shops.

Inventory:

Hand Weapons
 c - a +9 scimitar of holy wrath
 h - the +7 battleaxe "Yrhonikk" {vorpal, rElec rF+++ Int-3 Dex-5}
   (You acquired it on level 14 of the Dungeon)

   It inflicts extra damage upon your enemies.
   It affects your intelligence (-3).
   It affects your dexterity (-5).
   It renders you almost immune to fire.
   It insulates you from electricity.
 I - a +9 scimitar of flaming (weapon)
Missiles
 i - 13 silver javelins (quivered)
Armour
 e - the +1 pair of boots of a Million Realms (worn) {Str+2}
   (You found it in a Gauntlet)

   It affects your strength (+2).
 m - a +1 cloak of poison resistance (worn)
 n - a +8 tower shield (worn)
 w - +0 fire dragon scales
 H - a +1 pair of gloves (worn)
 J - +0 storm dragon scales
 L - a +0 crystal plate armour (worn)
 S - +0 ice dragon scales
 V - the +0 helmet of Apathy (worn) {Str+4 Int+3 Dex+2 Stlth-}
   (You found it in a Gauntlet)

   It affects your strength (+4).
   It affects your intelligence (+3).
   It affects your dexterity (+2).
   It makes you less stealthy.
Jewellery
 a - an uncursed amulet of the gourmand
 b - a +2 amulet of reflection (around neck)
 d - an uncursed ring of resist corrosion
 g - the ring of Koazeul (left hand) {rPois rF+}
   (You bought it in a shop on level 2 of the Orcish Mines)

   [ring of poison resistance]

   It protects you from fire.
   It protects you from poison.
 p - the ring of Goil {Ice rN+ Int+4}
   (You took it off an ironbrand convoker on level 3 of the Vaults)

   [ring of ice]

   It enhances your ice magic.
   It affects your intelligence (+4).
   It makes you vulnerable to fire.
   It protects you from cold.
   It protects you from negative energy.
 s - a ring of protection from magic (right hand)
 X - an uncursed ring of flight
 Y - an uncursed ring of see invisible
Wands
 u - a wand of acid (8)
 G - a wand of disintegration (46)
 M - a wand of flame (155)
 O - a wand of digging (2)
 P - a wand of iceblast (38)
 W - a wand of clouds (12)
Scrolls
 j - 10 scrolls of fog
 k - 6 scrolls of magic mapping
 q - 10 scrolls of remove curse
 r - 2 scrolls of enchant weapon
 y - a scroll of summoning
 A - 5 scrolls of teleportation
 B - a scroll of blinking
 R - 4 scrolls of identify
Potions
 o - 3 potions of curing
 t - 11 potions of brilliance
 z - 3 potions of ambrosia
 F - a potion of invisibility
 K - 6 potions of flight
 N - 5 potions of haste
 Q - 3 potions of cancellation
 T - 2 potions of stabbing
 U - 2 potions of resistance
 Z - 2 potions of might
Books
 x - a manual of Axes
Miscellaneous
 l - a lightning rod (4/4)
 C - a lightning rod (4/4)
 E - 4 phantom mirrors
Comestibles
 f - 41 rations
 v - a chunk of flesh


   Skills:
 * Level 21.6 Fighting
   Level 4.8(11.9) Short Blades
 + Level 17.6(17.9) Long Blades
 + Level 17.5 Axes
 - Level 0.3 Throwing
 + Level 13.6 Armour
 - Level 0.3 Dodging
 - Level 1.7 Stealth
 + Level 24.2 Shields
 - Level 9.3 Invocations
 - Level 0.4 Evocations


You had 21 spell levels left.
You didn't know any spells.
Your spell library contained the following spells:

 Spells                   Type           Power        Failure   Level  Hunger
 Animate Skeleton         Necr           N/A          99%         1    ##.....
 Apportation              Tloc           #.....       99%         1    ##.....
 Beastly Appendage        Tmut           #.....       99%         1    ##.....
 Corona                   Hex            #......      99%         1    ##.....
 Foxfire                  Conj/Fire      #...         99%         1    ##.....
 Freeze                   Ice            #...         99%         1    ##.....
 Infusion                 Chrm           #...         99%         1    ##.....
 Magic Dart               Conj           #...         99%         1    ##.....
 Shock                    Conj/Air       #...         99%         1    ##.....
 Sting                    Tmut/Pois      #...         99%         1    ##.....
 Summon Small Mammal      Summ           #...         99%         1    ##.....
 Blink                    Tloc           N/A          100%        2    ###....
 Call Imp                 Summ           #.......     100%        2    ###....
 Poisonous Vapours        Pois/Air       #.....       100%        2    ###....
 Searing Ray              Conj           #.....       100%        2    ###....
 Shroud of Golubria       Chrm/Tloc      #.....       100%        2    ###....
 Slow                     Hex            #.......     100%        2    ###....
 Song of Slaying          Chrm           #.......     100%        2    ###....
 Sticks to Snakes         Tmut           #.......     100%        2    ###....
 Swiftness                Chrm/Air       #.......     100%        2    ###....
 Confusing Touch          Hex            #.......     100%        3    ####...
 Conjure Flame            Conj/Fire      #.......     100%        3    ####...
 Dazzling Flash           Conj/Hex       #.....       100%        3    ####...
 Frozen Ramparts          Ice            #.....       100%        3    ####...
 Gell's Gravitas          Tloc           #.........   100%        3    ####...
 Ignite Poison            Fire/Tmut/Pois #.......     100%        3    ####...
 Inner Flame              Hex/Fire       #.......     100%        3    ####...
 Mephitic Cloud           Conj/Pois/Air  #.......     100%        3    ####...
 Ozocubu's Armour         Chrm/Ice       #.......     100%        3    ####...
 Portal Projectile        Hex/Tloc       #.....       100%        3    ####...
 Spectral Weapon          Hex/Chrm       #.......     100%        3    ####...
 Spider Form              Tmut/Pois      #.........   100%        3    ####...
 Static Discharge         Conj/Air       #.......     100%        3    ####...
 Airstrike                Air            #.........   100%        4    #####..
 Cause Fear               Hex            #.........   100%        4    #####..
 Fulminant Prism          Conj/Hex       #.........   100%        4    #####..
 Hailstorm                Conj/Ice       #.......     100%        4    #####..
 Ice Form                 Ice/Tmut       #.......     100%        4    #####..
 Iskenderun's Mystic Bla  Conj/Tloc      #.......     100%        4    #####..
 Leda's Liquefaction      Hex/Erth       #.........   100%        4    #####..
 Olgreb's Toxic Radiance  Pois           #.......     100%        4    #####..
 Petrify                  Tmut/Erth      #.......     100%        4    #####..
 Sticky Flame             Conj/Fire      #.......     100%        4    #####..
 Summon Ice Beast         Ice/Summ       #.......     100%        4    #####..
 Summon Lightning Spire   Summ/Air       #.......     100%        4    #####..
 Blade Hands              Tmut           #.........   100%        5    ######.
 Fireball                 Conj/Fire      #.........   100%        5    ######.
 Lightning Bolt           Conj/Air       #.........   100%        5    ######.
 Metabolic Englaciation   Hex/Ice        #.........   100%        5    ######.
 Silence                  Hex/Air        #.........   100%        5    ######.
 Yara's Violent Unravell  Hex/Tmut       #.........   100%        5    ######.
 Conjure Ball Lightning   Conj/Air       #.........   100%        6    #######
 Deflect Missiles         Chrm/Air       #.........   100%        6    #######
 Freezing Cloud           Conj/Ice/Air   #.........   100%        6    #######
 Ozocubu's Refrigeration  Ice            #.........   100%        6    #######
 Simulacrum               Ice/Necr       #.........   100%        6    #######
 Tornado                  Air            #.........   100%        9    #######


Dungeon Overview and Level Annotations

Branches:
Dungeon (15/15)            Temple (1/1) D:4            Lair (6/6) D:10
  Swamp (4/4) Lair:3       Spider (4/4) Lair:4        Slime (0/5) Lair:6
    Orc (2/2) D:12            Elf (2/3) Orc:2        Vaults (4/5) D:13
  Crypt (0/3) Vaults:2     Depths (2/5) D:15         WizLab (visited)
Gauntlet (visited)

Altars:
Ashenzari
Cheibriados
Dithmenos
Elyvilon
Fedhas
Gozag
Hepliaklqana
Kikubaaqudgha
Makhleb
Nemelex Xobeh
Okawaru
Qazlal
Ru
Sif Muna
Trog
Uskayaw
Vehumet
Wu Jian
Xom
Yredelemnul
Zin
The Shining One
Beogh

Shops:
D:4 *   D:11 }   D:14 ?[%   Orc:1 *   Orc:2 (*!=   Elf:2 :   Vaults:1 }[*
Vaults:2 [

Portals:
Hell: Depths:1 Depths:2
Pandemonium: Depths:1
Trove: Depths:1 (show abyssal rune of Zot)

Annotations:
Lair:2 exclusion: oklob plant
Lair:4 exclusion: oklob plant
Lair:6 exclusion: 2 oklob plants
Swamp:3 Lernaean hydra


Innate Abilities, Weirdness & Mutations

You have supernaturally acute eyesight. (SInv)
You are resistant to hostile enchantments. (MR+)
You passively map a small area around you.


Message History

* * * LOW HITPOINT WARNING * * *
The spriggan berserker rages.
You hit the ettin but do no damage.
The ettin is almost dead.
You block the death yak's attack.
The ettin hits you with a +2 dire flail of holy wrath!
* * * LOW HITPOINT WARNING * * *
You block the ettin's attack.
You feel much better.
You hear a shout!
You block the death yak's attack.
The spriggan berserker rages.
You block the ettin's attack.
The ettin hits you with a +0 dire flail!
* * * LOW HITPOINT WARNING * * *
The death yak gores you but does no damage.
A demon appears!
You block the death yak's attack. The ettin hits you but does no damage.
The ettin hits you with a +0 dire flail!!!
You die...

, , +..#....# , ≈, ,
+....#..# , ,
#...##..# , ≈
#......## ** *
##++###...P...## *
#####..............#
,
............P......#
..##..#CY......∩.P.##
......2@#.....≈≈....#
*
.##...)##C[..∩≈≈∩...#
,
........Y§.....∩...##
#.#####†.§...P......#
# ####........### * *
##.......# #########


You could see a death yak (berserk), an ettin and a friendly green death.

Vanquished Creatures
  The ghost of Addusyru the Severer, a veteran DsFi of Okawaru (Vaults:4)
  The ghost of glosham the Unseen, a veteran KoAK of Lugonu (Vaults:3)
  Jorgrun (Orc:2)
  A tentacled monstrosity (Swamp:4)
  A lich (Depths:1)
  Asterion (Lair:4)
  Gastronok (D:11)
  2 sphinxes
  2 storm dragons
  4 thorn hunters
  Kirke (Spider:3)
  4 frost giants
  2 deep elf sorcerers
  5 emperor scorpions
  A ghost moth (Spider:4)
  6 vault wardens
  Louise (Lair:4)
  Aizul (Swamp:1)
  A balrug (Vaults:1)
  7 very ugly things
  11 ironheart preservers
  4 stone giants
  The ghost of Keaj the Unseen, an adept FeCK of Zin (Vaults:4)
  A war gargoyle (Vaults:1)
  4 entropy weavers
  A deep elf demonologist (Vaults:1)
  Nessos (D:13)
  A dire elephant (Lair:6)
  Azrael (Elf:2)
  3 deep elf annihilators
  A minotaur (Gauntlet)
  3 spark wasps (D:15)
  Snorg (Orc:2)
  5 ettins
  A fire dragon (shapeshifter) (Vaults:1)
  A fire dragon (D:14)
  A merfolk impaler (Depths:1)
  A deep elf high priest (Elf:2)
  A great orb of eyes (Vaults:4)
  3 rakshasas
  5 yaktaur captains
  3 vault guards (Vaults:2)
  A hell beast (Vaults:1)
  8 ice dragons
  Erolcha (Orc:2)
  17 hydras
  14 centaur warriors
  6 ogre magi
  A spriggan air mage (Depths:2)
  2 shambling mangroves (Swamp:3)
  22 dancing weapons
  12 alligators
  Erica (D:10)
  4 death knights
  18 two-headed ogres
  A deep troll shaman (Vaults:2)
  2 deep troll earth magi
  9 death yaks
  A queen ant (Spider:2)
  4 orc high priests (Orc:2)
  3 tengu warriors
  13 deep elf knights
  2 spriggan berserkers (Depths:2)
  5 spriggans
  Urug (D:12)
  A salamander mystic (Depths:1)
  4 skeletal warriors (D:14)
  A sixfirhy (WizLab)
  2 shadow wraiths (Vaults:4)
  2 glowing orange brains (Vaults:1)
  14 deep trolls
  2 flayed ghosts
  7 wizards
  A spriggan druid (Swamp:3)
  8 deep elf archers
  A wolf spider zombie (D:15)
  8 swamp dragons
  15 orc knights
  2 phantasmal warriors (Vaults:3)
  4 harpies
  5 necromancers
  47 deep elf magi
  2 sphinx zombies (Depths:2)
  31 ugly things
  A harpy (shapeshifter) (Vaults:1)
  15 ironbrand convokers
  3 cyclopes
  22 wolf spiders
  18 orb spiders
  A frost giant zombie (Vaults:2)
  5 orc sorcerers
  3 salamanders (Depths:1)
  4 manticores
  A cyclops (shapeshifter) (Vaults:3)
  A faun (shapeshifter) (Depths:1)
  8 elephants
  11 vault sentinels
  A rust devil (Vaults:1)
  Maurice (D:9)
  2 black mambas
  Joseph (D:10)
  2 frost giant skeletons (Vaults:2)
  An ice statue (Gauntlet)
  3 gargoyles
  4 torpor snails
  A centaur skeleton (D:13)
  2 molten gargoyles (Lair:3)
  23 yaktaurs
  17 spiny frogs
  2 yaktaur zombies (Vaults:3)
  An efreet (Gauntlet)
  A freezing wraith (Vaults:1)
  15 komodo dragons
  7 rime drakes
  A queen bee (D:9)
  A spriggan skeleton (Depths:2)
  16 demonic crawlers
  5 trolls
  2 wind drakes (Lair:6)
  A tengu conjurer (Depths:1)
  11 tyrant leeches
  6 polar bears
  23 jumping spiders
  17 hornets
  25 blink frogs
  2 tengu simulacra
  2 stone giant simulacra
  A hippogriff (shapeshifter) (D:15)
  37 slime creatures
  16 bog bodies
  6 hippogriffs
  2 air elementals (Elf:2)
  A vampire (D:14)
  6 water elementals
  Sigmund (D:4)
  62 redbacks
  A redback (shapeshifter) (Depths:1)
  2 shadows
  23 tarantellas
  A tarantella (shapeshifter) (Vaults:1)
  A ynoxinul (Vaults:1)
  4 wraiths
  2 yaks (shapeshifter)
  2 spriggans (shapeshifter)
  7 fire elementals
  6 hungry ghosts
  A wyvern (Lair:4)
  44 yaks
  15 humans (D:12)
  A basilisk (shapeshifter) (Vaults:2)
  2 basilisks
  27 vampire mosquitoes
  A hog (Spider:3)
  A golden eye (shapeshifter) (Elf:1)
  A yaktaur simulacrum (Vaults:3)
  A deep troll zombie (Vaults:3)
  6 wargs
  16 swamp worms
  20 soldier ants
  17 insubstantial wisps
  9 water moccasins
  A water moccasin (shapeshifter) (D:15)
  9 porcupines
  3 acid dragons
  5 hell hounds
  13 swamp drakes
  2 eyes of draining
  7 necrophages
  An ice beast (D:11)
  7 sky beasts
  The ghost of Masnef the Ogre Mage, an amateur OgWz (D:3)
  A black bear (D:9)
  43 orc warriors
  A hornet zombie (D:10)
  An orc zombie (Vaults:2)
  3 boggarts (Vaults:3)
  23 ogres
  11 wolves
  16 centaurs
  14 crocodiles
  2 human skeletons
  6 big kobolds
  2 earth elementals
  16 bullfrogs
  A wyvern zombie (D:12)
  A wyvern skeleton (D:10)
  6 scorpions
  4 human simulacra
  38 killer bees
  11 wights (D:12)
  2 electric eels
  2 howler monkeys
  2 bullfrog zombies
  4 crimson imps
  5 lava snakes (Lair:3)
  6 hounds
  2 quasits
  8 jellies
  26 orc wizards
  13 orc priests
  2 bullfrog skeletons
  2 gnoll shamans (D:13)
  3 iguanas
  30 worker ants
  A killer bee zombie (D:6)
  A hound skeleton (D:4)
  2 worker ant zombies
  19 gnolls
  A howler monkey skeleton (D:7)
  9 adders
  2 shadow imps
  6 oozes
  An adder skeleton (D:8)
  7 worms
  2 dart slugs
  6 leopard geckos
  101 orcs
  5 giant cockroaches
  4 goblins
  7 hobgoblins
  6 jackals
  4 quokkas
  6 bats
  3 frilled lizards
  18 kobolds
  2 leopard gecko skeletons (D:4)
  8 rats
  7 briar patches
  A bush (D:10)
  3 fungi
  3 plants
1626 creatures vanquished.

Vanquished Creatures (collateral kills)
  A vault warden (Vaults:2)
  An emperor scorpion (Spider:4)
  3 entropy weavers
  5 hydras
  An ogre mage (Vaults:2)
  A merfolk avatar (Lair:6)
  A catoblepas (Lair:4)
  A deep troll shaman (Vaults:2)
  2 dancing weapons (Elf:2)
  3 death yaks
  A deep elf knight (Elf:2)
  Sonja (Lair:3)
  2 deep trolls (Vaults:3)
  A deep elf archer (Vaults:3)
  An orc knight (Orc:2)
  2 deep elf magi
  An orc sorcerer (Orc:2)
  An elephant (Lair:6)
  A wolf spider (Spider:3)
  A black mamba (Lair:5)
  A spiny frog (Lair:6)
  A yaktaur (Vaults:3)
  A hornet (Vaults:1)
  A slime creature (Lair:3)
  A stone giant simulacrum (Vaults:1)
  4 redbacks
  A wyvern (shapeshifter) (Vaults:1)
  A vampire mosquito (Swamp:4)
  A water moccasin (Lair:3)
  A sky beast (D:12)
  3 ogres
  2 boggarts (Vaults:3)
  A killer bee (D:9)
  An orc priest (Orc:2)
  An orc wizard (Orc:2)
  2 worker ants (Spider:1)
  An orc (Orc:2)
  A butterfly (Lair:5)
56 creatures vanquished.

Vanquished Creatures (others)
  A stone giant (Depths:1)
  A yaktaur captain (Vaults:3)
  A rakshasa (D:15)
  2 centaur warriors
  A deep elf archer (Vaults:4)
  A deep elf mage (Elf:1)
  6 yaktaurs
  2 jumping spiders
  A slime creature (Swamp:4)
  4 humans
  4 centaurs
  An orc skeleton (Vaults:1)
  An orc wizard (Orc:2)
  2 briar patches
  32 fungi
  36 plants
96 creatures vanquished.

Grand Total: 1778 creatures vanquished

Notes
Turn   | Place    | Note
-------+----------+-------------------------------------------
     0 | D:1      | KiliKikkendorf the Hill Orc Fighter began the quest for the
                  | Orb.
     0 | D:1      | Reached XP level 1. HP: 19/19 MP: 1/1
   146 | D:1      | Upgraded the game from 0.25-a0-731-g0472a16d6a to
                  | 0.25-a0-734-g73332aeda9
   175 | D:1      | Reached XP level 2. HP: 25/27 MP: 2/2
   726 | D:2      | Reached XP level 3. HP: 33/33 MP: 3/3
  1045 | D:2      | Reached skill level 4 in Shields
  1045 | D:2      | Reached XP level 4. HP: 40/40 MP: 4/4
  1375 | D:2      | Reached XP level 5. HP: 46/46 MP: 5/5
  1514 | D:2      | Reached skill level 5 in Axes
  1630 | D:3      | Found a runed translucent door.
  1630 | D:3      | Noticed Masnef's ghost (amateur OgWz)
  2105 | D:3      | Killed Masnef's ghost
  2105 | D:3      | Reached XP level 6. HP: 46/55 MP: 6/6
  2231 | D:4      | Found a staircase to the Ecumenical Temple.
  2232 | D:4      | Noticed Sigmund
  2242 | D:4      | Killed Sigmund
  2242 | D:4      | Reached skill level 5 in Fighting
  2242 | D:4      | Reached skill level 1 in Long Blades
  2253 | Temple   | Entered the Ecumenical Temple
  2381 | Temple   | Became a worshipper of Makhleb the Destroyer
  2484 | D:4      | Reached XP level 7. HP: 57/61 MP: 7/7
  2540 | D:4      | Found Suidghiad's Assorted Antiques.
  2698 | D:4      | Reached skill level 5 in Shields
  2932 | D:4      | Reached * piety under Makhleb
  3252 | D:5      | Entered Level 5 of the Dungeon
  3267 | D:5      | Reached skill level 1 in Stealth
  3309 | D:5      | Reached skill level 5 in Long Blades
  3309 | D:5      | Reached XP level 8. HP: 44/70 MP: 8/8
  3713 | D:5      | Found a stormy altar of Qazlal.
  4275 | D:6      | Reached ** piety under Makhleb
  4396 | D:6      | Reached skill level 8 in Shields
  4396 | D:6      | Reached XP level 9. HP: 83/83 MP: 8/14
  4443 | D:6      | Reached skill level 10 in Long Blades
  5055 | D:7      | Reached skill level 5 in Armour
  5055 | D:7      | Reached XP level 10. HP: 82/91 MP: 15/15
  5214 | D:7      | Found a radiant altar of Vehumet.
  5214 | D:7      | Found a hide-covered altar of Uskayaw.
  5222 | D:7      | Found a faded altar of an unknown god.
  5224 | D:7      | Found a shimmering altar of Xom.
  5226 | D:7      | Found a faded altar of an unknown god.
  5723 | D:8      | Noticed a deep elf mage
  5775 | D:8      | Killed a deep elf mage
  5796 | D:8      | Noticed a centaur warrior
  5808 | D:8      | Killed a centaur warrior
  5808 | D:8      | Reached skill level 9 in Shields
  6084 | D:8      | Noticed a two-headed ogre
  6090 | D:8      | Killed a two-headed ogre
  6423 | D:8      | Reached skill level 10 in Fighting
  6572 | D:8      | Reached *** piety under Makhleb
  6590 | D:8      | Reached XP level 11. HP: 74/99 MP: 16/16
  6990 | D:8      | Found an ornate altar of the Wu Jian Council.
  7209 | D:9      | Noticed Maurice
  7224 | D:9      | Killed Maurice
  7495 | D:10     | Entered Level 10 of the Dungeon
  7869 | D:10     | Reached skill level 10 in Shields
  7881 | D:10     | Found a staircase to the Lair.
  8083 | D:10     | Reached **** piety under Makhleb
  8128 | D:10     | Noticed Erica
  8158 | D:10     | Killed Erica
  8231 | D:10     | Noticed Joseph
  8245 | D:10     | Killed Joseph
  8381 | D:10     | Found a blossoming altar of Fedhas.
  8516 | D:9      | Found a burning altar of Makhleb.
  8797 | D:9      | Reached skill level 1 in Short Blades
  8890 | D:9      | Reached XP level 12. HP: 93/107 MP: 17/17
  9169 | Lair:1   | Entered Level 1 of the Lair of Beasts
  9388 | Lair:1   | Reached ***** piety under Makhleb
  9409 | Lair:1   | Reached skill level 11 in Shields
 11516 | Lair:3   | Got a jewelled quarterstaff
 11522 | Lair:3   | Identified the +6 quarterstaff of the Vaults {flame, rPois
                  | rN+ Int+4} (You found it on level 3 of the Lair of Beasts)
 11601 | Lair:3   | Reached skill level 12 in Shields
 11647 | Lair:3   | Found a staircase to the Swamp.
 11753 | Lair:3   | Noticed Sonja
 11763 | Lair:3   | Killed Sonja
 12110 | Lair:4   | Reached XP level 13. HP: 68/116 MP: 18/18
 12731 | Lair:4   | Found a hole to the Spider Nest.
 13176 | Lair:4   | Gained mutation: You expend magic power (3 MP) to
                  | strengthen your wands. [potion of mutation]
 13176 | Lair:4   | Gained mutation: Your mind is acute. (Int +2) [potion of
                  | mutation]
 14595 | Lair:6   | Entered Level 6 of the Lair of Beasts
 14659 | Lair:6   | Reached skill level 13 in Shields
 15046 | Lair:6   | Reached XP level 14. HP: 103/127 MP: 20/20
 15266 | Lair:6   | Noticed a balrug
 15279 | Lair:6   | HP: 2/129 [balrug/fireball[the player character] (34)]
 15996 | D:11     | Found Enacan's Gadget Shoppe.
 16005 | D:11     | Found a gate leading to a gauntlet.
 16037 | Gauntlet | Entered a Gauntlet
 16037 | Gauntlet | Found a transporter.
 16037 | Gauntlet | Found a transporter.
 16044 | Gauntlet | Found a transporter.
 16057 | Gauntlet | Found a transporter.
 16073 | Gauntlet | Found a transporter.
 16086 | Gauntlet | Found a transporter.
 16103 | Gauntlet | Found a transporter.
 16173 | Gauntlet | Found a transporter.
 16184 | Gauntlet | Found a transporter.
 16199 | Gauntlet | Found a transporter.
 16212 | Gauntlet | Found a transporter.
 16230 | Gauntlet | Found a transporter.
 16299 | Gauntlet | Found a transporter.
 16300 | Gauntlet | Found a transporter.
 16743 | Gauntlet | Got a pair of brightly glowing boots
 16754 | Gauntlet | Identified the +1 pair of boots of a Million Realms {Str+2}
                  | (You found it in a Gauntlet)
 16765 | Gauntlet | Found a transporter.
 16930 | Gauntlet | Identified the ring "Gasezyabli" {MP-9 EV+3 Int+4 Dex+6}
 16959 | Gauntlet | Got a transparent lead ring
 16963 | Gauntlet | Got a jewelled helmet
 16963 | Gauntlet | Got a slimy ring mail
 16973 | Gauntlet | Identified the ring of Zel Fio {Wiz Int+3 Dex+3} (You found
                  | it in a Gauntlet)
 17036 | Gauntlet | Identified the cursed +0 helmet of Apathy {Str+4 Int+3
                  | Dex+2 Stlth-} (You found it in a Gauntlet)
 17067 | D:11     | Identified the +3 ring mail of the Ant {+Blink MR+ Int-3
                  | Dex+4} (You found it in a Gauntlet)
 17513 | D:11     | Noticed Gastronok
 17527 | D:11     | Killed Gastronok
 17527 | D:11     | Reached skill level 14 in Shields
 17882 | D:12     | Found a staircase to the Orcish Mines.
 18404 | D:13     | Found a gate to the Vaults.
 18404 | D:13     | Noticed Nessos
 18404 | D:13     | Noticed Urug
 18479 | D:12     | Killed Urug
 18929 | D:13     | Killed Nessos
 19339 | D:13     | Reached XP level 15. HP: 136/139 MP: 13/22
 19984 | D:13     | Found a basalt altar of Yredelemnul.
 21031 | D:14     | Found Boec's Food Emporium.
 21109 | D:14     | Lost mutation: Your mind is acute. (Int +2) [potion of
                  | mutation]
 21109 | D:14     | Lost mutation: You expend magic power (3 MP) to strengthen
                  | your wands. [potion of mutation]
 21109 | D:14     | Gained mutation: Your body sometimes deteriorates upon
                  | taking damage. [potion of mutation]
 21109 | D:14     | Gained mutation: You have a somewhat thin skeletal
                  | structure. (Dex +2, Stealth) [potion of mutation]
 21109 | D:14     | Gained mutation: Scrolls take you a little longer to read.
                  | [potion of mutation]
 21109 | D:14     | Gained mutation: You possess an exceptional clarity of
                  | mind. [potion of mutation]
 21110 | D:14     | Lost mutation: Your body sometimes deteriorates upon taking
                  | damage. [potion of mutation]
 21110 | D:14     | Lost mutation: Scrolls take you a little longer to read.
                  | [potion of mutation]
 21110 | D:14     | Lost mutation: You have a somewhat thin skeletal structure.
                  | (Dex +2, Stealth) [potion of mutation]
 21110 | D:14     | Lost mutation: You possess an exceptional clarity of mind.
                  | [potion of mutation]
 21110 | D:14     | Gained mutation: Your system is resistant to poisons.
                  | (rPois) [potion of mutation]
 21110 | D:14     | Gained mutation: You are weak. (Str -2) [potion of
                  | mutation]
 21110 | D:14     | Gained mutation: You have a pair of small horns on your
                  | head. [potion of mutation]
 21111 | D:14     | Lost mutation: You are weak. (Str -2) [potion of mutation]
 21111 | D:14     | Lost mutation: Your system is resistant to poisons. (rPois)
                  | [potion of mutation]
 21111 | D:14     | Lost mutation: You have a pair of small horns on your head.
                  | [potion of mutation]
 21111 | D:14     | Gained mutation: You passively map a small area around you.
                  | [potion of mutation]
 21111 | D:14     | Gained mutation: Your muscles are strong. (Str +2) [potion
                  | of mutation]
 21137 | D:14     | Reached skill level 15 in Shields
 21288 | D:14     | Found Jatun's Armour Emporium.
 21537 | D:14     | Found Lyun's Magic Scroll Emporium.
 21553 | D:14     | Bought 2 scrolls of enchant weapon for 165 gold pieces
 21560 | D:14     | Bought a scroll of identify for 22 gold pieces
 21560 | D:14     | Bought a scroll of identify for 22 gold pieces
 21560 | D:14     | Identified a scroll of acquirement
 21561 | D:14     | Identified the +7 battleaxe "Yrhonikk" {vorpal, rElec rF+++
                  | Int-3 Dex-5} (You acquired it on level 14 of the Dungeon)
 21561 | D:14     | Identified the +0 pair of gloves of Omission {MP-9 Int+6}
                  | (You acquired it on level 14 of the Dungeon)
 21617 | D:15     | Entered Level 15 of the Dungeon
 21736 | D:15     | Reached skill level 10 in Axes
 22214 | D:15     | Found a staircase to the Depths.
 22763 | Orc:1    | Entered Level 1 of the Orcish Mines
 22850 | Orc:1    | Reached skill level 15 in Fighting
 22852 | Orc:1    | Reached ****** piety under Makhleb
 22888 | Orc:1    | Found Zoleme's Mass Market.
 23080 | Orc:2    | Entered Level 2 of the Orcish Mines
 23080 | Orc:2    | Found a staircase to the Elven Halls.
 23086 | Orc:2    | Noticed Erolcha
 23097 | Orc:2    | Killed Erolcha
 23230 | Orc:2    | Noticed Jorgrun
 23248 | Orc:2    | Killed Jorgrun
 23278 | Orc:2    | Reached skill level 16 in Shields
 23494 | Orc:2    | Found a roughly hewn altar of Beogh.
 24275 | Orc:2    | Paralysed by an orc sorcerer for 4 turns
 24297 | Orc:2    | Gained mutation: You are frail. (-10% HP) [a neqoxec]
 24312 | Orc:2    | Found Duvemn's General Store.
 24312 | Orc:2    | Found Cor Osh's Antique Weapon Shoppe.
 24314 | Orc:2    | Found Foiduzus's Jewellery Boutique.
 24314 | Orc:2    | Found Loces's Distillery.
 24324 | Orc:2    | Bought a potion of heal wounds for 55 gold pieces
 24324 | Orc:2    | Bought a potion of curing for 33 gold pieces
 24324 | Orc:2    | Bought 2 potions of cancellation for 176 gold pieces
 24327 | Orc:2    | Bought the ring of Koazeul {rPois rF+} for 510 gold pieces
 24546 | Orc:1    | Noticed Snorg
 24577 | Orc:2    | Killed Snorg
 24667 | Orc:1    | Found Qela's Weapon Emporium.
 25683 | Lair:6   | Reached XP level 16. HP: 132/134 MP: 23/23
 26202 | Lair:6   | Reached skill level 10 in Armour
 26225 | Lair:6   | Got a distressingly furry leather armour
 26236 | Lair:6   | Identified the +2 leather armour of Watchfulness {MP+9
                  | Dex+4} (You found it on level 6 of the Lair of Beasts)
 26612 | Lair:6   | Found a staircase to the Slime Pits.
 26735 | Spider:1 | Entered Level 1 of the Spider Nest
 26741 | Spider:1 | Noticed Asterion
 26765 | Spider:1 | Gained mutation: You tend to lose your temper in combat. [a
                  | cacodemon]
 27404 | Lair:4   | Killed Asterion
 27618 | Spider:1 | Identified the +1 tower shield of the Forgotten Beds
                  | {Str+3}
 27618 | Spider:1 | Noticed Louise
 27779 | Lair:4   | Killed Louise
 27779 | Lair:4   | Reached skill level 17 in Shields
 31683 | Spider:4 | Entered Level 4 of the Spider Nest
 31775 | Spider:4 | Reached skill level 18 in Shields
 31922 | Spider:4 | Reached XP level 17. HP: 142/142 MP: 24/24
 32190 | Spider:3 | Reached skill level 15 in Axes
 32387 | Spider:4 | Noticed Kirke
 32423 | Spider:3 | Killed Kirke
 32423 | Spider:3 | Reached skill level 15 in Long Blades
 32998 | Spider:4 | Got a gossamer rune of Zot
 33522 | Spider:4 | Reached skill level 19 in Shields
 35013 | D:14     | Lost mutation: Your muscles are strong. (Str +2) [potion of
                  | mutation]
 35013 | D:14     | Lost mutation: You are frail. (-10% HP) [potion of
                  | mutation]
 35013 | D:14     | Gained mutation: You are dopey. (Int -2) [potion of
                  | mutation]
 35013 | D:14     | Gained mutation: You occasionally shout uncontrollably at
                  | your foes. [potion of mutation]
 35013 | D:14     | Gained mutation: You have large cloven feet. [potion of
                  | mutation]
 36449 | Swamp:1  | Entered Level 1 of the Swamp
 37574 | Swamp:1  | Noticed Aizul
 37589 | Swamp:1  | Killed Aizul
 38102 | Swamp:2  | Reached XP level 18. HP: 168/168 MP: 25/25
 39692 | Swamp:4  | Entered Level 4 of the Swamp
 39695 | Swamp:4  | Noticed a tentacled monstrosity
 39709 | Swamp:4  | Killed a tentacled monstrosity
 39719 | Swamp:3  | Reached skill level 20 in Shields
 40283 | Swamp:4  | Noticed the 27-headed Lernaean hydra
 41217 | Swamp:4  | Got a decaying rune of Zot
 41227 | Swamp:4  | Got a coiled jade ring
 41228 | Swamp:4  | Identified the ring "Qaeggy" {rF+ Str+3 Int+4} (You found
                  | it on level 4 of the Swamp)
 42204 | Vaults:1 | Entered Level 1 of the Vaults
 42596 | Vaults:1 | Found Lilishra's Gadget Shoppe.
 42626 | Vaults:1 | Reached XP level 19. HP: 152/177 MP: 26/26
 42693 | Vaults:1 | Found Josh's Armour Shoppe.
 42694 | Vaults:1 | Found Poylod's General Store.
 42719 | Vaults:1 | Reached skill level 21 in Shields
 42750 | Vaults:1 | Found a magical portal.
 42756 | WizLab   | Entered The Hall of the Hellbinder
 45774 | Vaults:2 | Reached XP level 20. HP: 189/189 MP: 27/27
 46321 | Vaults:2 | Found Ipsila's Antique Armour Emporium.
 46395 | Vaults:2 | Found a staircase to the Crypt.
 46395 | Vaults:2 | Found an ancient bone altar of Kikubaaqudgha.
 46395 | Vaults:2 | Found a basalt altar of Yredelemnul.
 46971 | Vaults:2 | Reached skill level 22 in Shields
 47649 | Vaults:3 | Identified the ring of Goil {Ice rN+ Int+4}
 47723 | Vaults:3 | Found a large runed translucent door.
 47723 | Vaults:3 | Found a large runed translucent door.
 47804 | Vaults:3 | Noticed glosham's ghost (veteran KoAK)
 47827 | Vaults:3 | Killed glosham's ghost
 47859 | Vaults:3 | Lost mutation: You are dopey. (Int -2) [potion of mutation]
 47859 | Vaults:3 | Lost mutation: You occasionally shout uncontrollably at
                  | your foes. [potion of mutation]
 47859 | Vaults:3 | Lost mutation: You have large cloven feet. [potion of
                  | mutation]
 47859 | Vaults:3 | Lost mutation: You tend to lose your temper in combat.
                  | [potion of mutation]
 47859 | Vaults:3 | Gained mutation: You have supernaturally acute eyesight.
                  | (SInv) [potion of mutation]
 47859 | Vaults:3 | Gained mutation: You are resistant to hostile enchantments.
                  | (MR+) [potion of mutation]
 49259 | Vaults:4 | Found a runed translucent gate.
 49260 | Vaults:4 | Found a runed translucent gate.
 49261 | Vaults:4 | Found a runed translucent gate.
 49688 | Vaults:4 | Reached XP level 21. HP: 201/201 MP: 28/28
 49949 | Vaults:4 | Noticed Addusyru's ghost (veteran DsFi)
 49949 | Vaults:4 | Noticed Keaj's ghost (adept FeCK)
 49972 | Vaults:4 | Killed Keaj's ghost
 49993 | Vaults:4 | Killed Addusyru's ghost
 50366 | Elf:1    | Entered Level 1 of the Elven Halls
 50900 | Elf:1    | Reached skill level 23 in Shields
 51505 | Elf:1    | Identified the Disquisition on Supportive Attacks
 51697 | Elf:2    | Found a runed translucent gate.
 51697 | Elf:2    | Found a runed translucent gate.
 51698 | Elf:2    | Found a runed translucent gate.
 51792 | Elf:2    | Noticed Azrael
 51869 | Elf:2    | Killed Azrael
 52350 | Elf:2    | Found Borhui's Book Shop.
 52934 | Elf:2    | Upgraded the game from 0.25-a0-734-g73332aeda9 to
                  | 0.25-a0-737-g26c3a87c45
 53152 | D:14     | Bought a ration for 65 gold pieces
 53152 | D:14     | Bought a ration for 65 gold pieces
 53152 | D:14     | Bought a ration for 65 gold pieces
 53152 | D:14     | Bought a ration for 65 gold pieces
 53351 | Depths:1 | Entered Level 1 of the Depths
 53543 | Depths:1 | Found a one-way gate leading to the halls of Pandemonium.
 53924 | D:15     | Reached XP level 22. HP: 211/213 MP: 29/29
 54246 | Depths:1 | Reached skill level 24 in Shields
 54368 | Depths:1 | Found a portal to a secret trove of treasure.
 54382 | Depths:1 | Found a gateway to Hell.
 54526 | Depths:1 | Got a crystal halberd
 54527 | Depths:1 | Identified the cursed +0 halberd of the First Planets
                  | {vorpal, MP+9 Str+4 Dex+7 SInv} (You found it on level 1 of
                  | the Depths)
 55396 | Depths:2 | Slain by an ettin

Levels and vault maps discovered:
D:1:      heliophobic_arrival_henge, layout_basic
D:2:      layout_loops_corners
D:3:      layout_basic, ebering_ghost_inner_flame, uniq_robin
D:4:      layout_basic, temple_green, serial_shops, shop,
          chequers_serial_rivers_micro_a, uniq_sigmund
D:5:      layout_loops_cross, first_ration, grunt_qazlal_sundering
D:6:      layout_layer_cave
D:7:      layout_loops_ring, chequers_temple_overflow_minitemple
D:8:      layout_layer_cave, lemuel_coloured_pillars_altar,
          hangedman_little_slice_of_home, chequers_serial_rivers_micro_a,
          minmay_manual_mail
D:9:      layout_roguey [special_room_bee], makhleb_heckhound_becter,
          uniq_maurice
D:10:     layout_roguey, david_lair_generic, minmay_holes,
          fedhas_altar_decomposition, uniq_joseph, uniq_erica
D:11:     layout_rooms, gauntlet_entry_generic, serial_shops, shop,
          uniq_gastronok
D:12:     layout_cave_pools, david_orc_4, minmay_misc_feat_secret_circle,
          grunt_decor_resistance, kennysheep_generic_room_4
D:13:     kennysheep_seaside_town, layout_basic, david_vaults_3,
          yredelemnul_altar_generic
D:14:     layout_rooms, serial_shops, shop, kennysheep_mini,
          nicolae_shop_window_shopping, infiniplex_staircase_diamond
D:15:     grunt_enter_depths_hoard, layout_cave_pools, minmay_misc_feat_doors,
          grunt_ministairs_7
Temple:   hc_temple_tempest_star
Lair:1:   layout_regular_city, grunt_megastairs_2, lemuel_fruit_fields
Lair:2:   layout_misc_corridors, bh_autumn_forest_stairs,
          minmay_stone_trees_small, minmay_lair_oklob_items
Lair:3:   cheibrodos_magma_flow, layout_chaotic_city,
          nicolae_swamp_entry_splash_gauntlet, uniq_sonja
Lair:4:   layout_long_grid, nicolae_spider_entry_non_spiders,
          beast_lair_carwin_7
Lair:5:   layout_misc_corridors, grunt_megastairs_4, lemuel_fruit_fields,
          infiniplex_staircase_pool_2
Lair:6:   gammafunk_lair_ancient_temple, layout_loops_ring,
          minmay_slime_entry_oklob_enclosed
Swamp:1:  layout_basic_swamp, evilmike_swamp_ruin_rubble_2, swamp_pool3,
          statue_in_the_mist_lemuel, nicolae_swamp_round_clearing,
          nicolae_swamp_baby_hydras, uniq_aizul
Swamp:2:  layout_basic_swamp, evilmike_swamp_ruin_house_6
Swamp:3:  layout_falls_marsh, evilmike_swamp_ruin_house_5
Swamp:4:  grunt_swamp_rune_castle, layout_basic_swamp, swamp_pool5
Spider:1: layout_spider_delve, nicolae_spider_webbed_stairs, uniq_asterion,
          uniq_louise
Spider:2: layout_chambers, zaba_antful_of_joy
Spider:3: layout_chambers
Spider:4: grunt_spider_rune_circles, worms_lemuel, uniq_kirke
Orc:1:    layout_caves, serial_shops, shop, minmay_shop_mass, uniq_snorg,
          uniq_urug
Orc:2:    grunt_orc_tribal_feast, layout_caves, bh_open_orc_temple,
          uniq_erolcha, uniq_jorgrun
Elf:1:    layout_loops_ring, minmay_elf_sorcery
Elf:2:    layout_loops_corners, serial_shops, shop, uniq_azrael
Vaults:1: hangedman_vaults_hard_town_square, nicolae_vaults_angled_halls,
          vaults_mumra_hex, v_pattern_1, nicolae_vaults_network_barrier,
          vaults_mumra_minichess, ontoclasm_vaults_loading_screen,
          nicolae_vaults_mini_display_case, vaults_room_stairs_pillars,
          nicolae_vaults_network_square, v_misc_16,
          nicolae_vaults_specimen_jars, ontoclasm_vaults_gateway,
          layout_vaults_big_cross, mu_enter_wizlab_6
Vaults:2: minmay_crypt_entry_necro_gods, hangedman_vaults_cutoff,
          v_alt_pattern_1, nicolae_vaults_little_squares_2, v_misc_26,
          vaults_room_hallway, nicolae_vaults_little_squares_4,
          layout_vaults_omnigrid, serial_shops, shop
Vaults:3: ebering_vaults_ghost_disaster_area, ontoclasm_vaults_misaligned,
          hangedman_vaults_pinch, vaults_dpeg_ring, vaults_mumra_bighexcomb,
          hangedman_vaults_stream, vaults_room_stairs_pillars,
          nicolae_vaults_border_crossing, nicolae_vaults_big_ls, v_misc_15,
          grunt_vaults_hallway_short, v_misc_18, ontoclasm_vaults_bender,
          nicolae_vaults_little_squares_4, vaults_room_pool,
          layout_vaults_omnibox
Vaults:4: gammafunk_vaults_ghost_cemetery, nicolae_vaults_ring_of_whatevers,
          grunt_vaults_hallway_short, v_misc_19, vaults_room_fours,
          nicolae_vaults_ninety_degrees, ontoclasm_vaults_ring_small,
          ontoclasm_vaults_shuriken, v_misc_28, ontoclasm_vaults_hangar,
          nicolae_vaults_little_squares_5, ontoclasm_vaults_misaligned,
          layout_vaults_ring
Depths:1: layout_honeycomb, hell_entry, nicolae_trove_entry_crossroad,
          pan_entry, kennysheep_decorative_pillar, minmay_splitting_lines,
          minmay_misc_feat_columns, minmay_misc_feat_tower,
          chequers_serial_rivers_micro_c, serial_bayou_lagoon_a,
          kennysheep_generic_room_14
Depths:2: hangedman_slaughterboxes, hell_entry

Skill      XL: |  1  2  3  4  5  6  7  8  9 10 11 12 13 14 15 16 17 18 19 20 21 22 |
---------------+-------------------------------------------------------------------+-----
Axes           | 3 4 5 7 9 12 14 16 17 | 17.5
Fighting       | 4 5 9 10 11 12 14 15 16 17 18 20 21 | 21.6
Shields        | 4 5 8 9 10 12 13 14 16 18 19 20 21 22 23 24 | 24.2
Long Blades    | 2 5 9 10 11 13 14 15 16 17 | 17.6
Armour         | 4 5 6 7 8 9 10 11 12 13 | 13.6
Stealth        | 1 |  1.7
Invocations    | 7 8 9 |  9.3
Short Blades   | 1 4 |  4.8
Throwing       | |  0.3
Dodging        | |  0.3
Evocations     | |  0.4

Action                   |  1- 3 |  4- 6 |  7- 9 | 10-12 | 13-15 | 16-18 | 19-21 | 22-24 || total
-------------------------+-------+-------+-------+-------+-------+-------+-------+-------++-------
Melee: War axe           |    95 |    89 |       |       |       |       |       |       ||   184
       Scimitar          |       |    17 |   164 |   782 |  1475 |  1823 |  1684 |   273 ||  6218
       Rapier            |       |       |       |       |    13 |   157 |       |       ||   170
Throw: Boomerang         |       |       |       |    13 |     9 |       |       |       ||    22
       Javelin           |       |       |       |       |     5 |     8 |       |       ||    13
Invok: Minor Destruction |       |       |     4 |     7 |     8 |    19 |     2 |       ||    40
       Lesser Servant of |       |       |       |     3 |    20 |    41 |    19 |       ||    83
       Greater Servant o |       |       |       |       |     1 |       |     1 |     1 ||     3
       Major Destruction |       |       |       |       |       |     9 |    11 |     9 ||    29
Evoke: Lightning rod     |       |       |     1 |     3 |       |       |       |       ||     4
       Wand              |       |       |       |       |    13 |     4 |    14 |       ||    31
  Use: Scroll            |     6 |     4 |    12 |    12 |    27 |    20 |     3 |     1 ||    85
       Potion            |       |     5 |     2 |     1 |    14 |    11 |     4 |     1 ||    38
 Stab: Distracted        |       |       |       |       |     4 |     3 |       |       ||     7
       Paralysed         |       |       |       |       |     2 |       |       |       ||     2
       Confused          |       |       |       |       |       |     4 |       |       ||     4
  Eat: Chunk             |       |     3 |     2 |     4 |    17 |    34 |    20 |     1 ||    81
       Ration            |       |     1 |     2 |     7 |     7 |     9 |     4 |     1 ||    31
Armor: Scale mail        |    61 |    46 |    64 |     2 |    41 |       |       |       ||   214
       Plate armour      |       |       |       |   251 |   202 |       |       |       ||   453
       Fire dragon scale |       |       |       |       |    37 |    10 |     2 |       ||    49
       Crystal plate arm |       |       |       |       |       |   941 |   317 |    66 ||  1324
       Ice dragon scales |       |       |       |       |       |    15 |     1 |       ||    16
Dodge: Dodged            |    40 |    29 |    34 |    71 |   176 |   252 |   108 |    22 ||   732
Block: Kite shield       |    65 |    54 |    12 |       |       |       |       |       ||   131
       Tower shield      |       |       |   128 |   805 |  1626 |  3098 |  1867 |   409 ||  7933
       Reflection        |       |       |       |       |       |    20 |   156 |    12 ||   188
       Rpst.: Scimitar   |       |     1 |    14 |    17 |    39 |    38 |    23 |     4 ||   136

Table legend:
 A = Non-vault XP
 B = Vault XP
 C = Vault XP percentage of total XP
 D = Non-vault monster count
 E = Vault monster count
 F = Vault count percentage of total count
                 A         B        C        D         E       F
            +---------+---------+-------+---------+---------+-------
      Total |  371994 |  253907 |  40.6 |    1157 |     530 |  31.4
            +---------+---------+-------+---------+---------+-------
        D:1 |      32 |       0 |   0.0 |      20 |       0 |   0.0
        D:2 |     177 |       0 |   0.0 |      25 |       0 |   0.0
        D:3 |      32 |     124 |  79.5 |       9 |       1 |  10.0
        D:4 |     408 |     223 |  35.3 |      26 |       1 |   3.7
        D:5 |     662 |       0 |   0.0 |      19 |       0 |   0.0
        D:6 |     711 |       0 |   0.0 |      17 |       0 |   0.0
        D:7 |    1262 |       0 |   0.0 |      28 |       0 |   0.0
        D:8 |    2247 |    1843 |  45.1 |      19 |      12 |  38.7
        D:9 |    1026 |    2302 |  69.2 |      17 |      27 |  61.4
       D:10 |    2689 |    2900 |  51.9 |      37 |      12 |  24.5
       D:11 |    4551 |    2338 |  33.9 |      26 |       1 |   3.7
       D:12 |    2743 |    5532 |  66.9 |      38 |      31 |  44.9
       D:13 |    5397 |    2802 |  34.2 |      21 |      26 |  55.3
       D:14 |   11109 |    1086 |   8.9 |      37 |       1 |   2.6
       D:15 |   23973 |    2260 |   8.6 |      36 |       3 |   7.7
     Lair:1 |     949 |     454 |  32.4 |       6 |       2 |  25.0
     Lair:2 |    3692 |       0 |   0.0 |      18 |       0 |   0.0
     Lair:3 |   11170 |    2706 |  19.5 |      30 |      14 |  31.8
     Lair:4 |    7177 |    5299 |  42.5 |      27 |      15 |  35.7
     Lair:5 |    7015 |    3151 |  31.0 |      27 |      11 |  28.9
     Lair:6 |   12068 |    8614 |  41.6 |      38 |      22 |  36.7
    Swamp:1 |   13447 |    5331 |  28.4 |      40 |       6 |  13.0
    Swamp:2 |    8379 |       0 |   0.0 |      15 |       0 |   0.0
    Swamp:3 |   20432 |    3915 |  16.1 |      47 |       6 |  11.3
    Swamp:4 |    8440 |   14129 |  62.6 |      27 |      30 |  52.6
   Spider:1 |    6065 |    3793 |  38.5 |      17 |      22 |  56.4
   Spider:2 |   10372 |    1968 |  15.9 |      34 |      16 |  32.0
   Spider:3 |   13648 |    5811 |  29.9 |      39 |       9 |  18.8
   Spider:4 |   11463 |   20185 |  63.8 |      37 |      39 |  51.3
      Orc:1 |    2386 |       0 |   0.0 |      25 |       0 |   0.0
      Orc:2 |    2155 |   12828 |  85.6 |      31 |      36 |  53.7
      Elf:1 |   18208 |    8706 |  32.3 |      31 |      15 |  32.6
      Elf:2 |   10984 |   24542 |  69.1 |      20 |      34 |  63.0
   Vaults:1 |   44522 |   32795 |  42.4 |      76 |      47 |  38.2
   Vaults:2 |   30378 |    8015 |  20.9 |      50 |      12 |  19.4
   Vaults:3 |   24221 |   27072 |  52.8 |      59 |      31 |  34.4
   Vaults:4 |   25886 |   11380 |  30.5 |      55 |       8 |  12.7
   Depths:1 |   21918 |    8046 |  26.9 |      33 |       7 |  17.5
   Depths:2 |       0 |   14095 | 100.0 |       0 |      15 | 100.0
     WizLab |       0 |     770 | 100.0 |       0 |       1 | 100.0
   Gauntlet |       0 |    8892 | 100.0 |       0 |      17 | 100.0
            +---------+---------+-------+---------+---------+-------
